 Dungeon Crawl Stone Soup version 0.25.1-2-g60ff931df9 (webtiles) character file.

Game seed: 15800955553921202370

181 gruber the Chiller (level 5, -1/24 HPs)
             Began as a Vine Stalker Ice Elementalist on Nov 2, 2020.
             Slain by a scorpion (7 damage)
             ... on level 4 of the Dungeon.
             The game lasted 00:04:12 (2846 turns).

gruber the Chiller (Vine Stalker Ice Elementalist)  Turns: 2846, Time: 00:04:13

Health: -1/24      AC:  3    Str: 13    XL:     5   Next: 61%
Magic:  0/0        EV: 12    Int: 16    God:
Gold:   25         SH:  0    Dex: 14    Spells: 4/8 levels left

rFire    x . .     SeeInvis +   u - +3 short sword
rCold    + . .     Gourm    .   (no shield)
rNeg     . . .     Faith    .   x - +0 leather armour of Lifelessness {MP-9 Str+2 Slay+3 SInv}
rPois    .         Spirit   +   (no helmet)
rElec    .         Reflect  .   (no cloak)
rCorr    .         Harm     .   (no gloves)
MR       .....                  (no boots)
Stlth    ++........             (no amulet)
HPRegen  0.48/turn              r - ring of ice
MPRegen  0.07/turn              (no ring)

@: no status effects
A: fangs 2, regeneration 1, magic shield, antimagic bite, no potion heal 3, rot
immunity
a: no special abilities


You were on level 4 of the Dungeon.
You were not hungry.

You visited 1 branch of the dungeon, and saw 4 of its levels.

You collected 165 gold pieces.
You spent 140 gold pieces at shops.

Inventory:

Hand Weapons
 u - a +3 short sword (weapon)
Missiles
 t - 8 curare-tipped darts (quivered)
Armour
 a - a +0 robe
 x - the +0 leather armour of Lifelessness (worn) {MP-9 Str+2 Slay+3 SInv}
   (You found it on level 4 of the Dungeon)

   It affects your strength (+2).
   It affects your accuracy and damage with ranged weapons and melee attacks
   (+3).
   It affects your magic capacity (-9).
   It lets you see invisible.
Jewellery
 r - a ring of ice (left hand)
Wands
 n - a wand of clouds (4)
 w - a wand of flame (16)
Scrolls
 e - 2 scrolls of teleportation {unknown}
 f - 6 scrolls of identify {unknown}
 i - 2 scrolls of fear {unknown}
 k - 2 scrolls of magic mapping {unknown}
 p - a scroll of immolation {unknown}
 q - 2 scrolls of amnesia {unknown}
 v - a scroll of enchant armour {unknown}
Potions
 b - a potion of mutation {unknown}
 d - a potion of might {unknown}
 g - a potion of invisibility
 h - a potion of heal wounds {unknown}
 j - 3 potions of curing {unknown}
 l - a potion of ambrosia {unknown}
 o - 2 potions of haste
 s - a potion of degeneration {unknown}
Comestibles
 c - 8 rations


   Skills:
 - Level 1.5 Dodging
 - Level 2.4 Stealth
 - Level 2.1 Spellcasting
 + Level 6.7 Ice Magic


You had 4 spell levels left.
You knew the following spells:

 Your Spells              Type           Power        Failure   Level  Hunger
a - Freeze                Ice            ####         1%          1    #......
b - Frozen Ramparts       Ice            ####..       4%          3    ###....

Your spell library contained the following spells:

 Spells                   Type           Power        Failure   Level  Hunger
 Ozocubu's Armour         Chrm/Ice       ###.....     21%         3    ###....
 Beastly Appendage        Tmut           #.....       26%         1    #......
 Sticks to Snakes         Tmut           #.......     36%         2    ###....
 Hailstorm                Conj/Ice       ###.....     54%         4    #####..
 Ice Form                 Ice/Tmut       ###.....     54%         4    #####..
 Summon Ice Beast         Ice/Summ       ###.....     54%         4    #####..
 Confusing Touch          Hex            #.......     61%         3    ###....
 Gell's Gravitas          Tloc           #.........   61%         3    ###....
 Spider Form              Tmut/Pois      #.........   61%         3    ###....
 Petrify                  Tmut/Erth      #.......     95%         4    #####..
 Metabolic Englaciation   Hex/Ice        ###.......   88%         5    ######.
 Blade Hands              Tmut           #.........   100%        5    ######.
 Yara's Violent Unravell  Hex/Tmut       #.........   100%        5    ######.


Dungeon Overview and Level Annotations

Branches:
Dungeon (4/15)
 Temple: D:4-7

Altars:
Makhleb
Yredelemnul
The Shining One

Shops:
D:4 !


Innate Abilities, Weirdness & Mutations

You have extremely sharp teeth.
Your natural rate of healing is unusually fast.
When hurt, damage is shared between your health and your magic reserves.
Your bite disrupts and absorbs the magic of your enemies.
Potions cannot restore your health.
You are immune to rotting.


Message History

The scorpion stings you but does no damage.
You hit the scorpion.
The scorpion is heavily wounded.
The scorpion stings you but does no damage.
You hit the scorpion.
The scorpion is severely wounded.
The scorpion stings you.
You hit the scorpion.
The scorpion is almost dead.
The scorpion stings you!
You closely miss the scorpion. Your bite misses the scorpion.
The scorpion is almost dead.
The scorpion stings you. x2
* * * LOW HITPOINT WARNING * * *
You are too injured to fight recklessly!
You are too injured to fight recklessly!
You barely miss the scorpion.
The scorpion is almost dead.
The scorpion stings you!
You die...

## ..# #.#
#.# ## #.#
.. ..#
#..##.##.#
#......@.#
##.##.s#.#
#.###.#.#
#.#.#.#.#
##.....#.#
........##
##.......#
##......#
#......#


You could see a scorpion.

Vanquished Creatures
  Natasha (thrice) (D:2)
  An orc wizard (D:3)
  4 adders
  5 orcs (D:3)
  2 bats (D:1)
  4 giant cockroaches
  A goblin (D:2)
  5 hobgoblins
  4 jackals (D:3)
  5 kobolds
  2 quokkas
  A ball python (D:3)
  3 frilled lizards
  7 rats
47 creatures vanquished.

Notes
Turn   | Place    | Note
-------+----------+-------------------------------------------
     0 | D:1      | gruber the Vine Stalker Ice Elementalist began the quest
                  | for the Orb.
     0 | D:1      | Reached XP level 1. HP: 9/9 MP: 4/4
   467 | D:1      | Reached XP level 2. HP: 13/13 MP: 3/6
  1080 | D:2      | Reached XP level 3. HP: 15/16 MP: 5/7
  1085 | D:2      | Learned a level 3 spell: Frozen Ramparts
  1132 | D:2      | Noticed Natasha
  1143 | D:2      | Killed Natasha
  1143 | D:2      | Reached skill level 5 in Ice Magic
  1311 | D:2      | Noticed Natasha
  1318 | D:2      | Killed Natasha
  1318 | D:2      | Gained mutation: Your natural rate of healing is unusually
                  | fast. [Vine Stalker growth]
  1318 | D:2      | Reached XP level 4. HP: 20/21 MP: 0/8
  1425 | D:2      | Noticed Natasha
  1642 | D:2      | Found a glowing golden altar of the Shining One.
  1694 | D:2      | Killed Natasha
  1694 | D:2      | Reached skill level 6 in Ice Magic
  1904 | D:3      | Reached XP level 5. HP: 24/24 MP: 9/9
  2300 | D:3      | Found a burning altar of Makhleb.
  2619 | D:4      | Found a basalt altar of Yredelemnul.
  2670 | D:4      | Found Hipe's Distillery.
  2673 | D:4      | Bought a potion of haste for 140 gold pieces
  2698 | D:4      | Got a smoking leather armour
  2709 | D:4      | Identified the +0 leather armour of Lifelessness {MP-9
                  | Str+2 Slay+3 SInv} (You found it on level 4 of the Dungeon)
  2846 | D:4      | Slain by a scorpion

Illustrated notes

Levels and vault maps discovered:
D:1:      minmay_arrival_four_loops, layout_basic, serial_bayou_lake_a
D:2:      cheibrodos_helix_gallery, layout_rooms, first_ration,
          nicolae_tso_swordbearing_angel, uniq_natasha
D:3:      layout_rooms, lemuel_coloured_pillars_altar
D:4:      layout_loops_corners, nicolae_overflow_hidden_temple, serial_shops,
          nicolae_shop_behind_doors

Skill      XL: |  1  2  3  4 |
---------------+-------------+-----
Ice Magic      | 5 6 |  6.7
Dodging        | |  1.5
Stealth        | |  2.4
Spellcasting   | |  2.1

Action                   |  1- 3 |  4- 6 || total
-------------------------+-------+-------++-------
Melee: Unarmed           |    31 |     9 ||    40
       Bite              |     6 |     3 ||     9
       Quarterstaff      |       |    21 ||    21
       Short sword       |       |    12 ||    12
 Cast: Freeze            |    21 |    12 ||    33
       Frozen Ramparts   |     2 |     4 ||     6
 Stab: Sleeping          |     1 |     4 ||     5
  Eat: Chunk             |     2 |     5 ||     7
Armor: Robe              |    15 |     9 ||    24
       Leather armour    |       |     2 ||     2
Dodge: Dodged            |    37 |    24 ||    61
